cohdb
Replays
Latest Replays
All Replays
Popular Replays
Top Player Replays
Match Explorer
How It Works
Community
CoH3 Stats
Reddit
Sign in to upload your games and track your stats! →
Sign in with Steam
Match 31364985
Unlisted
Match 31364985
Overview
Messages
Build Orders
End
Engineer Squad
Construct Barracks
Riflemen Squad
Riflemen Squad
Riflemen Squad
Construct Medical Station
Infantry Support Center
M1 Mortar Team
Construct Motor Pool
Selects Armored Battlegroup
Selects Veteran Crews
Selects Fast Deploy
M8 Greyhound Armored Car
Selects M8 Scott SPG
Riflemen Squad
M1918 Browning Automatic Rifles
Riflemen Squad
M1 Anti-tank Gun Team
Selects Field Repairs
M1 Anti-tank Gun Team
Selects War Machine
Selects UNKNOWN (2160077)
FeriG
UMirinBrah?
0
0
Comments
sign in to comment!
No comments posted yet!